 Dungeon Sprint DCSS version 0.31-a0-841-g038b102fc3 (webtiles) character file.

Game seed: 15073650354031713581

452 sircluck the Grappler (level 6, -2/106 HPs)
             Began as a Troll Berserker on Sept 27, 2023.
             Was a Follower of Trog.
             Slain by an acid dragon (6 damage)
             ... in the Dungeon (Sprint VII: "The Pits").
             The game lasted 00:00:10 (37 turns).

sircluck the Grappler (Troll Berserker)               Turns: 37, Time: 00:00:10

Health: -2/106     AC:  0    Str: 28    XL:     6   Next: 75%
Magic:  5/5        EV: 11    Int:  3    God:    Trog [*.....]
Gold:   0          SH:  0    Dex:  9    Spells: 5/5 levels left

rFire   . .          .
                       - Unarmed
rCold   . . .        (no shield)
rNeg    . . .        a - +0 animal skin
rPois   .            (helmet restricted)
rElec   .            (no cloak)
rCorr   .            (gloves unavailable)
SInv    .            (boots unavailable)
Will    .....        (no amulet) Stlth
                     (no ring)
HPRegen 1.17/turn    (no ring)
MPRegen 0.09/turn

%: no teleportation
@: berserking (expiring), corroded, very quick
A: large, unfitting armour, claws 3, regeneration 1, shaggy fur 1, tough skin 1
a: Renounce Religion, Berserk


You were in the Dungeon.
You worshipped Trog.
Trog was aware of your devotion.
You visited 1 branch

Inventory:

Armour
 a - a +0 animal skin (worn)
Scrolls
 g - a scroll of blinking
Potions
 b - a potion of curing
 c - a potion of heal wounds
 d - a potion of haste
 e - 2 potions of magic
 f - a potion of berserk rage


   Skills:
 + Level 7.5 Fighting
 + Level 7.4 Dodging
 + Level 9.0 Unarmed Combat


You had 5 spell levels left.
You didn't know any spells.
Your spell library was empty.

Dungeon Overview and Level Annotations

Branches:
Dungeon (1/1)

Altars:


Innate Abilities, Weirdness & Mutations

You are too large for most types of armour.
You have claws for hands.
Your natural rate of healing is unusually fast.
You are covered in fur. (AC +1)
You have tough skin. (AC +1)


Message History

You feel a strong urge to attack something.
You mangle the deep elf pyromancer!!
The deep elf pyromancer is heavily wounded.
The deep elf pyromancer hits you with a +0 short sword.
You claw the deep elf pyromancer!
The deep elf pyromancer is severely wounded.
You barely miss the deep elf pyromancer.
The deep elf pyromancer is severely wounded.
The deep elf pyromancer barely misses you.
The acid dragon spits acid at you. The splash of acid hits you!!
Ouch! That really hurt!
The acid corrodes you!
You miss the deep elf pyromancer.
The deep elf pyromancer is severely wounded.
The acid dragon bites you.
* * * LOW HITPOINT WARNING * * *
The acid dragon claws you.
* * * LOW HITPOINT WARNING * * *
The deep elf pyromancer barely misses you.
You claw the deep elf pyromancer!
You kill the deep elf pyromancer!
Trog accepts your kill.
Trog appreciates your killing of a magic user.
Your Fighting skill gained 5 levels and is now at level 7!
Your Dodging skill gained 5 levels and is now at level 7!
Your Unarmed Combat skill gained 6 levels and is now at level 9!
You have reached level 2!
You have reached level 3!
Your experience leads to an increase in your attributes!
Increase (S)trength, (I)ntelligence, or (D)exterity?
You feel stronger. x3
You have reached level 4!
You have reached level 5!
You have reached level 6!
You feel stronger.
You closely miss the acid dragon. The acid dragon bites you!
* * * LOW HITPOINT WARNING * * *
The acid dragon claws you.
You die...

##########++###### ###
#................# ..#
#......#..#......##..#
#...............D''..#
+..............@)''..#
#......#..#......##.......
#................# ....D..
####'#####++###### #######
#.......# #.......#
#.......# #...<...#
#.......#


You could see an acid dragon (catching breath).

Vanquished Creatures
  A deep elf pyromancer (D)
1 creature vanquished.

Notes
Turn   | Place    | Note
-------+----------+-------------------------------------------
     0 | D        | sircluck the Troll Berserker began the quest for the Orb.
     0 | D        | Reached XP level 1. HP: 22/22 MP: 0/0
    22 | D        | Noticed a deep elf pyromancer
    22 | D        | Noticed an acid dragon
    36 | D        | Killed a deep elf pyromancer
    37 | D        | Reached skill level 9 in Unarmed Combat
    37 | D        | Reached XP level 2. HP: 9/40 MP: 1/1
    37 | D        | Reached XP level 3. HP: 11/46 MP: 2/2
    37 | D        | Reached XP level 4. HP: 13/55 MP: 3/3
    37 | D        | Reached XP level 5. HP: 14/62 MP: 4/4
    37 | D        | Reached XP level 6. HP: 16/71 MP: 5/5
    37 | D        | HP: 4/106 [acid dragon (13)]
    37 | D        | Slain by an acid dragon

Illustrated notes

Levels and vault maps discovered:
D:        pitsprint [storerooms_1, entrance_room_1, metal_vault_3, armoury_2,
          mini_pit_1, grid_room_1, main_hall_1, silver_pit, the_coven_1,
          the_vestibule_1, steel_vault_3, golden_pit, hallway_of_sentries,
          crystal_vault_4, iron_vault_3, final_vault]

Skill      XL: |  1 |
---------------+----+-----
Fighting       | 7 |  7.5
Dodging        | 7 |  7.4
Unarmed Combat | 9 |  9.0

Action                     |  1- 3 |  4- 6 || total
---------------------------+-------+-------++-------
  Melee: Unarmed           |     5 |     1 ||     6
 Invoke: Berserk           |     1 |       ||     1
 Armour: Animal skin       |     4 |     2 ||     6
  Dodge: Dodged            |     2 |       ||     2

Table legend: (Time is in decaauts)
 A = Elapsed time spent in this place.
 B = Non-inter-level travel time spent in this place.
 C = Inter-level travel time spent in this place.
 D = Time resting spent in this place.
 E = Time spent auto-exploring this place.
 F = Levels seen in this place.
 G = Mean time per level.
                   A        B        C        D        E       F      G
               +--------+--------+--------+--------+--------+-----+--------+
         Total |     34 |     34 |      0 |      0 |      0 |   1 |   34.0 |
       Dungeon |     34 |     34 |      0 |      0 |      0 |   1 |   34.0 |
               +--------+--------+--------+--------+--------+-----+--------+

Top non-repeatable levels by time:
       D: 34 daAuts
